 Dungeon Crawl Stone Soup version 0.27-a0-463-gec7707c53d (webtiles) character file.

Game seed: 17302985882299356084

171482 porpoise the Warrior (level 18, -2/178 HPs)
             Began as a Hill Orc Fighter on Feb 27, 2021.
             Was the Champion of Qazlal.
             Slain by a demonic crawler (6 damage)
             ... on level 3 of the Spider Nest on Feb 28, 2021.
             The game lasted 02:57:57 (42027 turns).

porpoise the Warrior (Hill Orc Fighter)            Turns: 42027, Time: 02:57:58

Health: -2/178     AC:  3    Str: 25    XL:     18   Next: 1%
Magic:  36/40      EV: 15    Int: 10    God:    Qazlal [******]
Gold:   1290       SH: 20    Dex: 10    Spells: 17/17 levels left

rFire    . . .     SeeInvis .   a - +1 broad axe (vorpal)
rCold    + + .     Faith    +   c - +0 kite shield
rNeg     . . .     Spirit   .   B - +6 chain mail of Pefoufewn {Rampage *Corrode rC++ MP+9}
rPois    +         Reflect  .   M - +2 hat of Skepticism {-Cast Will+++}
rElec    .         Harm     .   D - +0 cloak
rCorr    .         Rampage  +   v - +0 pair of gloves
Will     ++++.     NoCast   +   L - +0 pair of boots
Stlth    ..........             W - amulet of faith
HPRegen  0.39/turn              O - ring of poison resistance
MPRegen  0.27/turn              T - +4 ring of evasion

@: protected from physical damage, corroded, repel missiles
A: no striking features
a: Renounce Religion, Upheaval, Elemental Force, Disaster Area


You were on level 3 of the Spider Nest.
You worshipped Qazlal.
Qazlal was exalted by your worship.
You visited 5 branches of the dungeon, and saw 27 of its levels.

You collected 3399 gold pieces.
You spent 2109 gold pieces at shops.

Inventory:

Hand Weapons
 a - a +1 vorpal broad axe (weapon)
 b - a +0 hand crossbow
 w - the +7 trident "Giant's Death Toll" {drain, rN+ Dex+3}
   (You took it off a spriggan rider on level 5 of the Lair of Beasts)

   A truly terrible weapon, it drains the life of those it strikes.
   It affects your dexterity (+3).
   It protects you from negative energy.
Missiles
 f - 12 javelins (quivered)
 j - 167 bolts
 l - 7 silver javelins
 m - 8 curare-tipped darts
 V - 14 poisoned darts
Armour
 c - a +0 kite shield (worn)
 v - a +0 pair of gloves (worn)
 B - the +6 chain mail of Pefoufewn (worn) {Rampage *Corrode rC++ MP+9}
   (You found it on level 1 of the Spider Nest)

   It greatly protects you from cold.
   It affects your magic capacity (+9).
   It may corrode you when you take damage.
   It bestows one free step when moving towards enemies.
 D - a +0 cloak (worn)
 L - a +0 pair of boots (worn)
 M - the +2 hat of Skepticism (worn) {-Cast Will+++}
   (You bought it in a shop on level 2 of the Orcish Mines)

   It affects your willpower, your defense against some magical effects.
   It prevents spellcasting.
 R - the +7 chain mail of the Worm {+Blink Str+3}
   (You bought it in a shop on level 7 of the Dungeon)

   It affects your strength (+3).
   It lets you blink.
Jewellery
 n - a ring of see invisible
 J - a +6 ring of dexterity
 O - a ring of poison resistance (left hand)
 Q - a +6 ring of dexterity
 T - a +4 ring of evasion (right hand)
 W - an amulet of faith (around neck)
 Z - a ring of protection from fire
Wands
 d - a wand of flame (75)
 i - a wand of paralysis (15)
 x - a wand of digging (2)
 G - a wand of charming (10)
 I - a wand of acid (8)
 P - a wand of iceblast (15)
 S - a wand of mindburst (5)
Scrolls
 g - a scroll of immolation
 k - 6 scrolls of magic mapping
 o - 2 scrolls of fear
 p - 10 scrolls of teleportation
 t - 2 scrolls of fog
 z - a scroll of vulnerability
 K - a scroll of blinking
 N - 15 scrolls of identify
Potions
 e - 5 potions of heal wounds
 h - a potion of cancellation
 s - 7 potions of lignification
 u - 13 potions of curing
 A - 4 potions of haste
 C - 4 potions of attraction
 E - 2 potions of ambrosia
 F - 2 potions of resistance
 H - 3 potions of flight
 U - a potion of brilliance
 Y - a potion of berserk rage
Miscellaneous
 q - a tin of tremorstones (2/2)
 r - a phial of floods
 y - a lightning rod (4/4)
 X - a condenser vane (inert)


   Skills:
 - Level 20.0 Fighting
 - Level 18.0 Axes
 - Level 12.0 Armour
 + Level 10.2 Dodging
 - Level 9.0 Shields
 + Level 18.0 Invocations
 - Level 9.0 Evocations


You had 17 spell levels left.
You didn't know any spells.
Your spell library contained the following spells:

 Spells                   Type           Power        Failure   Level
 Animate Skeleton         Necr           0%           98%         1
 Corona                   Hex            0%           98%         1
 Magic Dart               Conj           0%           98%         1
 Pain                     Necr           0%           98%         1
 Sting                    Tmut/Pois      0%           98%         1
 Blink                    Tloc           N/A          99%         2
 Call Imp                 Summ           0%           99%         2
 Ensorcelled Hibernation  Hex/Ice        0%           99%         2
 Poisonous Vapours        Pois/Air       0%           99%         2
 Slow                     Hex            0%           99%         2
 Confusing Touch          Hex            0%           100%        3
 Conjure Flame            Conj/Fire      0%           100%        3
 Dazzling Flash           Conj/Hex       0%           100%        3
 Ignite Poison            Fire/Tmut/Pois 0%           100%        3
 Mephitic Cloud           Conj/Pois/Air  0%           100%        3
 Tukima's Dance           Hex            0%           100%        3
 Vampiric Draining        Necr           0%           100%        3
 Animate Dead             Necr           0%           100%        4
 Cause Fear               Hex            0%           100%        4
 Olgreb's Toxic Radiance  Pois           0%           100%        4
 Agony                    Necr           0%           100%        5
 Silence                  Hex/Air        0%           100%        5
 Yara's Violent Unravell  Hex/Tmut       0%           100%        5
 Discord                  Hex            0%           100%        8


Dungeon Overview and Level Annotations

Branches:
Dungeon (15/15)            Temple (1/1) D:4            Lair (6/6) D:11
 Shoals (0/4) Lair:3       Spider (3/4) Lair:2        Slime (0/5) Lair:6
    Orc (2/2) D:9             Elf (0/3) Orc:2        Vaults (0/5) D:13
 Depths (0/5) D:15

Altars:
Ashenzari
Cheibriados
Dithmenos
Elyvilon
Fedhas
Gozag
Hepliaklqana
Kikubaaqudgha
Makhleb
Nemelex Xobeh
Okawaru
Qazlal
Ru
Sif Muna
Trog
Uskayaw
Vehumet
Wu Jian
Xom
Yredelemnul
Zin
The Shining One
Beogh
Jiyva

Shops:
D:6 !   D:7 [   D:12 !:*??   D:14 *   Orc:1 !   Orc:2 *[*:*

Portals:
Pandemonium: Orc:2
Trove: D:10 (give +6 demon trident)

Annotations:
D:3 exclusion: downstairs


Message History

The entropy weaver is engulfed in blazing flames.
The jumping spider is engulfed in blazing flames.
You hear an angry hiss.
You feel much better.
* * * LOW HITPOINT WARNING * * *
You feel very sick.
You hear an angry hiss. x6
The demonic crawler is engulfed in freezing vapours.
The demonic crawler hits you but does no damage.
The demonic crawler hits you.
* * * LOW HITPOINT WARNING * * *
The demonic crawler hits you.
* * * LOW HITPOINT WARNING * * *
You feel more protected from physical attacks.
The jumping spider is engulfed in blazing flames.
The jumping spider leaps!
The entropy weaver is engulfed in blazing flames.
The entropy weaver points at you and mumbles some strange words.
The entropic weave corrodes you!
You block the emperor scorpion's attack. x3
The demonic crawler is engulfed in freezing vapours.
The demonic crawler hits you.
* * * LOW HITPOINT WARNING * * *
The demonic crawler hits you!
* * * LOW HITPOINT WARNING * * *
The demonic crawler hits you.
* * * LOW HITPOINT WARNING * * *
You feel better.
You hear an angry hiss. x2
A jumping spider comes into view.
The entropy weaver is engulfed in blazing flames.
The emperor scorpion is engulfed in blazing flames.
You block the emperor scorpion's attack. x2
The emperor scorpion barely misses you.
The entropy weaver evades a web.
The demonic crawler is engulfed in freezing vapours.
The demonic crawler hits you!
* * * LOW HITPOINT WARNING * * *
You feel more protected from physical attacks.
The demonic crawler barely misses you. The demonic crawler hits you.
You die...

..# ..# ...#
.^#.# ##§§§.#
# (§§§§..
##^.#§##BB§§#
....s.§@#
#^§§§§ss#
#.§§##§§# ###
#§§§ .#§§
..§§§. #.....
s.#####


You could see an emperor scorpion, 2 entropy weavers, a demonic crawler and 2
jumping spiders.

Vanquished Creatures
  Gastronok (Lair:2)
  Kirke (D:12)
  An orc warlord (Orc:1)
  An emperor scorpion (Spider:2)
  The ghost of sraybest the Grappler, a journeyman TrMo of Jiyva (D:12)
  2 entropy weavers
  The ghost of Wociock the Destroyer, a journeyman DgWz (D:14)
  The ghost of Gonodgh the Peltast, a journeyman MiFi of Cheibriados (D:13)
  2 ettins
  Snorg (D:11)
  A fire dragon (Lair:6)
  14 hydras
  A yaktaur captain (D:15)
  2 catoblepae (Lair:5)
  4 boulder beetles
  The ghost of jasper the Covert, a journeyman SpEn of Vehumet (Lair:5)
  5 ogre magi
  6 centaur warriors
  A death knight (D:14)
  A queen ant (Lair:2)
  22 two-headed ogres
  2 tengu warriors
  3 death yaks (Lair:5)
  5 orc high priests
  Sonja (D:10)
  Urug (D:10)
  A sun demon (Orc:2)
  A hell knight (D:15)
  A sixfirhy (Orc:2)
  A swamp dragon (Lair:6)
  5 unseen horrors
  3 infernal demonspawn (Orc:2)
  2 phantasmal warriors (D:14)
  2 wizards
  9 orc knights
  A necromancer (D:11)
  8 orc sorcerers (Orc:2)
  10 orb spiders
  10 ugly things
  2 cyclopes
  3 manticores
  2 wolf spider zombies
  15 wolf spiders
  12 black mambas
  A guardian serpent (Lair:6)
  Joseph (D:8)
  7 elephants
  24 cane toads
  An orange demon (Orc:2)
  3 kobold demonologists
  A gargoyle (D:13)
  2 freezing wraiths (D:14)
  7 komodo dragons
  A tengu conjurer (D:14)
  A demonic crawler (Spider:1)
  4 rime drakes
  A hellwing (Orc:2)
  An ice devil (Orc:2)
  8 trolls
  A troll (shapeshifter) (D:15)
  19 jumping spiders
  4 polar bears
  6 hornets
  A harpy skeleton (D:14)
  15 slime creatures
  8 dream sheep (Lair:5)
  40 blink frogs
  A snapping turtle (Lair:3)
  A water elemental (D:14)
  19 redbacks
  19 wyverns
  Sigmund (D:4)
  2 shadows
  3 spriggans (Lair:5)
  10 tarantellas
  4 basilisks
  67 yaks
  A chaos spawn (Orc:2)
  6 hogs (D:12)
  3 steam dragons
  A warg (Orc:1)
  A hell hound (D:15)
  4 soldier ants (Lair:2)
  4 acid dragons
  30 water moccasins
  Duvessa (D:4)
  A swamp drake (Lair:6)
  A meliai simulacrum (D:14)
  A hornet zombie (D:15)
  50 orc warriors
  8 sky beasts
  6 black bears
  An ice beast (D:15)
  A necrophage (D:7)
  13 ogres
  11 wolves
  6 centaurs
  2 eyes of draining
  A boggart (Lair:5)
  A phantom (D:14)
  6 kobold brigands
  20 bullfrogs
  Dowan (D:4)
  7 scorpions
  7 killer bees
  16 wights
  3 electric eels
  5 howler monkeys
  2 quasits
  A jelly (D:13)
  5 centaur zombies
  8 hounds
  A bullfrog zombie (D:9)
  31 orc priests
  A gnoll shaman (D:7)
  3 bullfrog skeletons
  2 centaur skeletons
  Crazy Yiuf (D:6)
  40 worker ants
  6 iguanas
  27 orc wizards
  9 hell rats
  2 polar bear simulacra (D:11)
  2 yak simulacra (D:11)
  3 wolf simulacra (D:11)
  A killer bee zombie (D:5)
  3 hound skeletons
  4 hound zombies
  8 gnolls
  16 adders
  A shadow imp (D:5)
  6 white imps
  3 ufetubi
  5 oozes
  2 worms
  A dart slug (D:2)
  5 leopard geckos
  118 orcs
  5 bats
  2 giant cockroaches
  8 goblins
  11 hobgoblins
  7 jackals
  24 kobolds
  6 quokkas
  2 ball pythons
  10 frilled lizards
  A jackal zombie (D:6)
  A quokka skeleton (D:4)
  A quokka zombie (D:8)
  7 rats
  4 river rat simulacra (D:11)
1079 creatures vanquished.

Vanquished Creatures (collateral kills)
  An orc knight (Orc:2)
  3 ugly things
  A manticore (D:12)
  2 yaks (D:11)
  2 orc warriors (Orc:1)
  A hound (D:6)
  An orc wizard (Orc:1)
11 creatures vanquished.

Vanquished Creatures (others)
  A tarantella (Spider:1)
  A bullfrog (D:13)
  A hound (D:6)
  An orc priest (Orc:2)
  An orc wizard (D:14)
  50 fungi
  190 plants
245 creatures vanquished.

Grand Total: 1335 creatures vanquished

Notes
Turn   | Place    | Note
-------+----------+-------------------------------------------
     0 | D:1      | porpoise the Hill Orc Fighter began the quest for the Orb.
     0 | D:1      | Reached XP level 1. HP: 19/19 MP: 1/1
   215 | D:1      | Reached XP level 2. HP: 27/27 MP: 2/2
   263 | D:1      | Reached skill level 4 in Fighting
   600 | D:1      | Reached XP level 3. HP: 34/34 MP: 3/3
  1318 | D:2      | Reached XP level 4. HP: 40/41 MP: 4/4
  1419 | D:2      | Reached skill level 5 in Fighting
  1772 | D:2      | Reached skill level 5 in Axes
  1996 | D:3      | Reached XP level 5. HP: 45/48 MP: 5/5
  3009 | D:3      | Found a bloodstained altar of Trog.
  3125 | D:3      | Found a hazy altar of Hepliaklqana.
  3170 | D:4      | Noticed Duvessa
  3170 | D:4      | Noticed Dowan
  3379 | D:3      | Reached skill level 6 in Fighting
  3390 | D:3      | Reached XP level 6. HP: 39/57 MP: 6/6
  3609 | D:4      | Found an ancient bone altar of Kikubaaqudgha.
  3787 | D:4      | Noticed Sigmund
  3803 | D:4      | Killed Sigmund
  4013 | D:4      | Killed Duvessa
  4014 | D:4      | Reached skill level 7 in Fighting
  4014 | D:4      | Reached XP level 7. HP: 65/66 MP: 7/7
  4016 | D:4      | Killed Dowan
  4077 | D:4      | Found a staircase to the Ecumenical Temple.
  4082 | Temple   | Entered the Ecumenical Temple
  4233 | Temple   | Became a worshipper of Qazlal Stormbringer
  4430 | D:5      | Entered Level 5 of the Dungeon
  4798 | D:5      | Found an ornate altar of the Wu Jian Council.
  4798 | D:5      | Found a glowing golden altar of the Shining One.
  4835 | D:5      | Reached skill level 1 in Invocations
  5961 | D:5      | Reached XP level 8. HP: 73/73 MP: 10/10
  6490 | D:6      | Reached skill level 5 in Armour
  6795 | D:6      | Reached * piety under Qazlal
  6910 | D:6      | Reached skill level 5 in Invocations
  6951 | D:6      | HP: 2/73 [orc priest/nerve-wracking pain (10)]
  6956 | D:6      | Reached skill level 10 in Axes
  7751 | D:6      | Found Gythats's Distillery.
  7766 | D:6      | Bought a potion of curing for 39 gold pieces
  7766 | D:6      | Bought a potion of curing for 39 gold pieces
  7827 | D:6      | Reached XP level 9. HP: 37/79 MP: 12/14
  8038 | D:6      | Found a runed translucent door.
  8039 | D:6      | Noticed Crazy Yiuf
  8145 | D:6      | Killed Crazy Yiuf
  8208 | D:7      | Found an iron altar of Okawaru.
  8582 | D:7      | Found Tuph's Armour Emporium.
  8890 | D:7      | Reached ** piety under Qazlal
  9064 | D:7      | Reached skill level 1 in Evocations
  9116 | D:7      | Reached skill level 1 in Dodging
  9344 | D:7      | Found a sparkling altar of Nemelex Xobeh.
  9917 | D:8      | Noticed Joseph
  9928 | D:8      | Killed Joseph
 10146 | D:8      | Reached XP level 10. HP: 86/86 MP: 15/15
 10436 | D:8      | Reached skill level 5 in Evocations
 11476 | D:9      | Noticed a two-headed ogre
 11483 | D:9      | Killed a two-headed ogre
 11484 | D:9      | Reached skill level 5 in Dodging
 11526 | D:9      | Reached skill level 5 in Shields
 12024 | D:9      | Reached *** piety under Qazlal
 12285 | D:9      | Reached skill level 8 in Fighting
 12344 | D:9      | Found a staircase to the Orcish Mines.
 12546 | D:9      | Identified the +4 ring mail of Ownitz {Str+5}
 12615 | D:9      | Noticed a two-headed ogre
 12628 | D:9      | Killed a two-headed ogre
 12642 | D:9      | Reached skill level 9 in Fighting
 12893 | D:10     | Entered Level 10 of the Dungeon
 12954 | D:10     | Noticed Urug
 12958 | D:10     | Reached XP level 11. HP: 97/97 MP: 16/16
 12965 | D:10     | Killed Urug
 13013 | D:10     | Noticed Sonja
 13022 | D:10     | Killed Sonja
 13374 | D:10     | Found a portal to a secret trove of treasure.
 13873 | D:11     | Found a staircase to the Lair.
 13873 | D:11     | Noticed a red ugly thing
 13882 | D:11     | Killed a red ugly thing
 13886 | D:11     | Noticed a two-headed ogre
 14217 | D:10     | Killed a two-headed ogre
 14521 | D:11     | Noticed an unseen horror
 14535 | D:11     | Killed an unseen horror
 14850 | D:11     | Noticed a cyan ugly thing
 14858 | D:11     | Killed a cyan ugly thing
 14959 | D:11     | Noticed Snorg
 14973 | D:11     | Killed Snorg
 15324 | D:11     | Reached XP level 12. HP: 104/104 MP: 18/18
 15472 | D:11     | Noticed a boulder beetle
 15519 | D:11     | Killed a boulder beetle
 15812 | D:11     | Reached skill level 10 in Invocations
 16480 | D:12     | Reached **** piety under Qazlal
 16482 | D:12     | Noticed an ogre mage
 16489 | D:12     | Paralysed by an ogre mage for 7 turns
 16798 | D:12     | Killed an ogre mage
 16907 | D:12     | Identified the +8 halberd of Juangecsi {vamp, rElec rF-
                  | Int+4}
 16922 | D:12     | Noticed a seven-headed hydra
 16932 | D:12     | Killed a seven-headed hydra
 16937 | D:12     | HP: 5/104 [manticore (16)]
 17409 | D:12     | Found Olai's Assorted Antiques.
 17479 | D:12     | Noticed Kirke
 17509 | D:12     | HP: 4/104 [Kirke (12)]
 17511 | D:12     | Killed Kirke
 17631 | D:12     | Noticed a boulder beetle
 17649 | D:12     | Found Ishybuff's Distillery.
 17990 | D:12     | Killed a boulder beetle
 18220 | D:12     | Found a transporter.
 18315 | D:7      | Bought the +7 chain mail of the Worm {+Blink Str+3} for 657
                  | gold pieces
 18370 | Lair:1   | Entered Level 1 of the Lair of Beasts
 18403 | Lair:1   | Noticed a six-headed hydra
 18410 | Lair:1   | Killed a six-headed hydra
 18411 | Lair:1   | Reached skill level 15 in Axes
 18631 | Lair:1   | Reached XP level 13. HP: 93/111 MP: 22/22
 19577 | Lair:1   | Reached skill level 10 in Fighting
 19838 | Lair:1   | Upgraded the game from 0.27-a0-423-gf312af23e9 to
                  | 0.27-a0-463-gec7707c53d
 20245 | Lair:2   | Noticed Gastronok
 20489 | Lair:2   | Killed Gastronok
 20490 | Lair:2   | Reached skill level 11 in Fighting
 20693 | Lair:2   | Found a hole to the Spider Nest.
 20998 | Lair:2   | You fall into a shaft and drop 2 floors!
 21018 | Lair:4   | Reached skill level 12 in Fighting
 22550 | Lair:3   | Reached skill level 10 in Armour
 22674 | Lair:3   | Reached XP level 14. HP: 124/126 MP: 23/23
 22707 | Lair:3   | Reached ***** piety under Qazlal
 23317 | Lair:3   | Found a staircase to the Shoals.
 24111 | Lair:4   | Reached skill level 13 in Fighting
 25128 | Lair:5   | Found a runed translucent door.
 25131 | Lair:5   | Identified the +7 trident "Giant's Death Toll" {drain, rN+
                  | Dex+3}
 25132 | Lair:5   | Noticed jasper's ghost (journeyman SpEn)
 25615 | Lair:5   | Reached skill level 14 in Fighting
 26833 | Lair:5   | Killed jasper's ghost
 27122 | Orc:1    | Entered Level 1 of the Orcish Mines
 27291 | Orc:1    | Found Goobb's Distillery.
 27304 | Orc:1    | Bought a potion of heal wounds for 65 gold pieces
 27304 | Orc:1    | Bought a potion of curing for 39 gold pieces
 27304 | Orc:1    | Bought a potion of heal wounds for 65 gold pieces
 27304 | Orc:1    | Bought 2 potions of heal wounds for 130 gold pieces
 27475 | Orc:1    | Noticed an orc warlord
 27513 | Orc:1    | Killed an orc warlord
 27514 | Orc:1    | Reached XP level 15. HP: 60/138 MP: 25/25
 28420 | Orc:1    | Found a roughly hewn altar of Beogh.
 28487 | Orc:2    | Entered Level 2 of the Orcish Mines
 28592 | Orc:2    | Found a staircase to the Elven Halls.
 28647 | Orc:2    | Reached skill level 15 in Invocations
 29227 | Orc:2    | Found Nudghysao's Assorted Antiques.
 29314 | Orc:2    | Reached ****** piety under Qazlal
 29483 | Orc:2    | Bought a forked glass wand for 80 gold pieces
 29483 | Orc:2    | Bought a potion of heal wounds for 100 gold pieces
 29864 | Orc:2    | Found Nomif's General Store.
 29867 | Orc:2    | Found Pumauth's General Store.
 30194 | Orc:2    | Paralysed by an orc sorcerer for 2 turns
 30488 | Orc:2    | Found Banuda Facwy's Antique Armour Shop.
 30488 | Orc:2    | Found Veijysma's Book Boutique.
 30497 | Orc:2    | Found a one-way gate leading to the halls of Pandemonium.
 30595 | Orc:2    | Bought a pair of boots for 81 gold pieces
 30595 | Orc:2    | Bought an ancient hat for 162 gold pieces
 30595 | Orc:2    | Identified the +2 hat of Skepticism {-Cast Will+++} (You
                  | bought it in a shop on level 2 of the Orcish Mines)
 31127 | Orc:2    | Bought a scroll of brand weapon for 260 gold pieces
 31129 | Orc:2    | Bought a scroll of enchant weapon for 112 gold pieces
 31401 | D:12     | Found a transporter.
 31401 | D:12     | Noticed sraybest's ghost (journeyman TrMo)
 31405 | D:12     | Identified the +10 great mace of the Ghost {flame, *Slow
                  | rC+ Str+7}
 31551 | D:12     | Found Seibiv's Magic Scroll Shoppe.
 31559 | D:12     | Found Ojoimeats's Magic Scroll Boutique.
 31585 | D:12     | Bought a scroll of brand weapon for 280 gold pieces
 31590 | D:12     | Found Zeapru Xumm's Book Boutique.
 31660 | D:12     | Found the +4 moon troll leather armour {Spirit, Regen++
                  | MP+5}
 31819 | D:12     | Killed sraybest's ghost
 31962 | D:13     | Reached XP level 16. HP: 139/146 MP: 17/27
 32263 | D:13     | Found a gate to the Vaults.
 32324 | D:13     | Found a runed translucent door.
 32347 | D:13     | Noticed Gonodgh's ghost (journeyman MiFi)
 32375 | D:13     | Killed Gonodgh's ghost
 33398 | D:14     | You fall into a shaft and drop 1 floor!
 33398 | D:15     | Entered Level 15 of the Dungeon
 33761 | D:15     | Reached skill level 15 in Fighting
 34008 | D:15     | Reached skill level 16 in Fighting
 34204 | D:15     | Found a staircase to the Depths.
 34741 | D:14     | Found Ifiph's General Store.
 34745 | D:14     | Found a runed translucent gate.
 34747 | D:14     | Found a runed translucent gate.
 34747 | D:14     | Noticed Wociock's ghost (journeyman DgWz)
 34748 | D:14     | Found a runed translucent gate.
 34762 | D:14     | Reached skill level 17 in Fighting
 36041 | D:14     | Killed Wociock's ghost
 36243 | D:15     | Reached XP level 17. HP: 163/163 MP: 15/29
 36258 | D:15     | Reached skill level 18 in Fighting
 36444 | D:15     | Found a sacrificial altar of Ru.
 36897 | Lair:6   | Entered Level 6 of the Lair of Beasts
 38057 | Lair:6   | Reached skill level 19 in Fighting
 39204 | Lair:6   | Found a viscous altar of Jiyva.
 39204 | Lair:6   | Found a staircase to the Slime Pits.
 39410 | Lair:6   | Identified the +3 hand axe of the Vase {freeze, +Fly Str+3}
 39565 | Spider:1 | Entered Level 1 of the Spider Nest
 39577 | Spider:1 | Reached skill level 20 in Fighting
 40221 | Spider:1 | Identified the +6 chain mail of Pefoufewn {Rampage *Corrode
                  | rC++ MP+9}
 41277 | Spider:2 | Reached skill level 10 in Dodging
 42025 | Spider:3 | Reached XP level 18. HP: 65/178 MP: 31/31
 42025 | Spider:3 | HP: 6/178 [demonic crawler (9)]
 42027 | Spider:3 | Slain by a demonic crawler

Illustrated notes

Levels and vault maps discovered:
D:1:      nicolae_arrival_washed_ashore, layout_basic, serial_rivers,
          chequers_serial_rivers_room_b, chequers_serial_rivers_micro_d,
          chequers_serial_rivers_micro_a, chequers_serial_rivers_small_a,
          chequers_serial_rivers_micro_c, chequers_serial_rivers_marsh
D:2:      layout_loops_corners
D:3:      layout_loops_corners, nzn_hepliaklqana_mist_gate,
          trog_three_pillars_becter
D:4:      layout_cave_pools, overflow_temple_1_default, temple_doors_cd,
          minmay_misc_feat_five, uniq_sigmund, uniq_duvessa
D:5:      layout_layer_cave, gammafunk_temple_overflow_wave, serial_rivers,
          chequers_serial_rivers_micro_b, chequers_serial_rivers_large_b,
          chequers_serial_rivers_room_b, chequers_serial_rivers_room_b,
          chequers_serial_rivers_micro_a
D:6:      layout_basic, kennysheep_small_square, uniq_crazy_yiuf_cottage
D:7:      layout_basic, lemuel_crystal_altar, lemuel_round_altar, serial_shops,
          nicolae_shop_crystal
D:8:      layout_basic, minmay_increasing_density, uniq_joseph
D:9:      minmay_the_grid_four_pointed_star
          [minmay_the_grid_triangle_9x9_intruding_spiral,
          minmay_the_grid_triangle_9x9_from_above,
          minmay_the_grid_triangle_9x9_odd_lines,
          minmay_the_grid_triangle_9x9_impossible_snake,
          minmay_the_grid_prize_inner_circle], layout_basic, orc_0_dummy
D:10:     layout_long_grid, nicolae_trove_entry_crossroad, uniq_urug, uniq_sonja
D:11:     layout_basic, lair_entry_dummy, eino_house_with_fridge, uniq_snorg
D:12:     layout_big_octagon, serial_shops, nicolae_shop_waterfront,
          nicolae_shop_crystal, shop, shop, shop_coins, gammafunk_ghost_smash,
          nicolae_wwwww, minmay_radiant, uniq_kirke
D:13:     layout_long_grid, david_vaults_1, ebering_ghost_reflecting_pool
D:14:     layout_basic, gammafunk_ghost_hydra_chop, serial_shops, shop,
          hangedman_decor_diamond_cutter, serial_bayou_ford_a
D:15:     hangedman_depths_entry_civil_slaughter, layout_rooms, serial_glass,
          glass_columns_a, glass_columns_c, special_room
          [special_room_mythical_zoo], nicolae_ru_the_path_less_chosen
Temple:   nicolae_temple_elliptical
Lair:1:   layout_roguey, gauntlet_entry_generic
Lair:2:   layout_gridlike, dummy_spider_entry, zaba_antful_of_joy,
          uniq_gastronok
Lair:3:   layout_roguey, minmay_shoals_entry_hut, serial_bayou,
          serial_bayou_pond_d, serial_bayou_lagoon_a, serial_bayou_pond_e,
          serial_bayou_crossing, eino_small_chamber_without_monster
Lair:4:   layout_roguey, grunt_megastairs_5
Lair:5:   nzn_winding_woodlands_three_and_one
          [nzn_winding_woodlands_5x15_zeroes, nzn_winding_woodlands_5x15_pool,
          nzn_winding_woodlands_5x15_parted,
          nzn_winding_woodlands_center_garden], layout_long_grid,
          ebering_ghost_funeral_grove, serial_rivers,
          chequers_serial_rivers_micro_c, chequers_serial_rivers_micro_e,
          chequers_serial_rivers_small_3, chequers_serial_rivers_micro_b,
          chequers_serial_rivers_micro_d, minmay_shattered_shrine,
          serial_bayou_shore_a
Lair:6:   guppyfry_lair_end_dragon, layout_layer_cave,
          hangedman_lair_tendril_chambers, dpeg_slime_entry_enclosed_altar
Spider:1: layout_spider_delve
Spider:2: layout_spider_delve
Spider:3: layout_spider_delve, guppyfry_spider_mini_2
Orc:1:    layout_caves, serial_shops, shop, special_room [special_room_orc]
Orc:2:    pf_orc_diabolical, layout_caves, serial_shops,
          nicolae_shop_behind_doors

Skill      XL: |  1  2  3  4  5  6  7  8  9 10 11 12 13 14 15 16 17 |
---------------+----------------------------------------------------+-----
Axes           | 3 4 5 7 8 10 12 15 16 18 | 18.0
Fighting       | 4 5 6 7 9 12 14 17 20 | 20.0
Invocations    | 2 6 7 9 12 14 15 16 18 | 18.0
Armour         | 4 5 7 9 10 12 | 12.0
Evocations     | 4 5 8 9 |  9.0
Dodging        | 3 5 9 10 | 10.2
Shields        | 7 9 |  9.0

Action                   |  1- 3 |  4- 6 |  7- 9 | 10-12 | 13-15 | 16-18 || total
-------------------------+-------+-------+-------+-------+-------+-------++-------
Melee: War axe           |    91 |   181 |   312 |       |       |       ||   584
       Broad axe         |       |       |    34 |   395 |   966 |   777 ||  2172
       Morningstar       |       |       |       |    14 |    12 |       ||    26
       Hand crossbow     |       |       |       |       |     2 |       ||     2
       Trident           |       |       |       |       |       |    17 ||    17
 Fire: Hunting sling     |       |    29 |   101 |   217 |    90 |       ||   437
       Hand crossbow     |       |       |       |       |    83 |   194 ||   277
Throw: Dart              |     7 |    10 |       |       |     2 |       ||    19
       Boomerang         |       |     6 |       |     2 |    48 |     5 ||    61
       Javelin           |       |       |       |     3 |     7 |    17 ||    27
Invok: Elemental Force   |       |       |       |     6 |     2 |     1 ||     9
       Upheaval          |       |       |       |     1 |    25 |    16 ||    42
       Disaster Area     |       |       |       |       |     3 |       ||     3
Evoke: Wand              |       |       |    11 |    16 |    20 |    10 ||    57
       Tin of tremorston |       |       |       |       |     5 |       ||     5
       Phial of floods   |       |       |       |       |     1 |       ||     1
       Condenser vane    |       |       |       |       |       |     1 ||     1
  Use: Scroll            |       |     7 |    10 |     5 |     9 |     1 ||    32
       Potion            |       |     1 |     3 |       |     5 |     2 ||    11
 Stab: Invisible         |       |     1 |       |       |       |       ||     1
       Paralysed         |       |       |     6 |     8 |     4 |     3 ||    21
       Confused          |       |       |       |       |       |     2 ||     2
Armor: Scale mail        |    29 |    99 |    93 |       |       |       ||   221
       Chain mail        |       |       |    81 |    76 |   240 |   284 ||   681
       Ring mail         |       |       |       |   109 |       |       ||   109
       Troll leather arm |       |       |       |       |     7 |     3 ||    10
       Skin              |       |       |       |       |       |     2 ||     2
Dodge: Dodged            |    33 |    62 |   102 |   177 |   233 |   375 ||   982
       Repelled          |       |       |       |       |     1 |     8 ||     9
Block: Kite shield       |    39 |    89 |   222 |   406 |   799 |   878 ||  2433

Table legend: (Time is in decaauts)
 A = Elapsed time spent in this place.
 B = Non-inter-level travel time spent in this place.
 C = Inter-level travel time spent in this place.
 D = Time resting spent in this place.
 E = Time spent auto-exploring this place.
 F = Levels seen in this place.
 G = Mean time per level.
                   A        B        C        D        E       F      G
               +--------+--------+--------+--------+--------+-----+--------+
         Total |  42386 |  40540 |   1846 |  13717 |  18457 |  27 | 1569.9 |
       Dungeon |  24567 |  23524 |   1043 |   8264 |  10886 |  15 | 1637.8 |
        Temple |    185 |    151 |     34 |      0 |    138 |   1 |  185.0 |
          Lair |  11930 |  11444 |    486 |   4016 |   4827 |   6 | 1988.3 |
   Spider Nest |   2275 |   2206 |     69 |    347 |   1436 |   3 |  758.3 |
  Orcish Mines |   3427 |   3214 |    213 |   1089 |   1169 |   2 | 1713.5 |
               +--------+--------+--------+--------+--------+-----+--------+

Top non-repeatable levels by time:
  Lair:5: 2755 daAuts
    D:11: 2680 daAuts
  Lair:1: 2515 daAuts
     D:6: 2387 daAuts
  Lair:6: 2341 daAuts
   Orc:2: 2253 daAuts
     D:9: 2061 daAuts
     D:8: 2046 daAuts
     D:5: 1825 daAuts
    D:14: 1802 daAuts
    D:12: 1795 daAuts
  Lair:2: 1751 daAuts
    D:10: 1682 daAuts
    D:13: 1511 daAuts
    D:15: 1377 daAuts
